 Dungeon Crawl Stone Soup version 0.29-a0-982-gaed3a0c8d8 (webtiles) character file.

Game seed: 7035443031549733412

9 Zonian the Chiller (level 2, -1/19 HPs)
             Began as a Demonspawn Ice Elementalist on Aug 2, 2022.
             Frozen to death by an endoplasm (2 damage)
             ... on level 1 of the Dungeon.
             The game lasted 00:00:38 (694 turns).

Zonian the Chiller (Demonspawn Ice Elementalist)     Turns: 694, Time: 00:00:39

Health: -1/19      AC:  2    Str:  8    XL:     2   Next: 3%
Magic:  5/5        EV: 12    Int: 16    God:
Gold:   0          SH:  4    Dex: 13    Spells: 4/5 levels left

rFire   . . .      SeeInvis .   f - +0 dagger
rCold   . . .      Faith    .   (no shield)
rNeg    . . .      Spirit   .   a - +0 robe
rPois   .          Reflect  .   (no helmet)
rElec   .          Harm     .   (no cloak)
rCorr   .          Rampage  .   (no gloves)
Will    .....                   (no boots)
Stlth   ++........              (no amulet)
HPRegen 0.06/turn               (no ring)
MPRegen 0.09/turn               (no ring)

@: no status effects
A: large bone plates 1
a: no special abilities


You were on level 1 of the Dungeon.
You visited 1 branch of the dungeon, and saw 1 of its levels.

Inventory:

Hand Weapons
 f - a +0 dagger (weapon)
Armour
 a - a +0 robe (worn)
Magical Staves
 e - a staff of fire
Potions
 c - a potion of flight {unknown}
 d - a potion of curing {unknown}


   Skills:
 + Level 2.0 Dodging
 + Level 2.0 Stealth
 + Level 2.1 Spellcasting
 + Level 3.7 Ice Magic


You had 4 spell levels left.
You knew the following spells:

 Your Spells              Type           Power      Damage    Failure   Level
a - Freeze                Ice            52%        1d7       4%          1

Your spell library contained the following spells:

 Spells                   Type           Power      Damage    Failure   Level
 Frozen Ramparts          Ice            26%        1d10      13%         3
 Ozocubu's Armour         Ice            13%        N/A       13%         3
 Hailstorm                Conj/Ice       7%         3d4       67%         4


Dungeon Overview and Level Annotations

Branches:
Dungeon (1/15)

Altars:


Innate Abilities, Weirdness & Mutations

You are partially covered in large bone plates. (SH +4)


Message History

The ball python closely misses you.
You closely miss the ball python.
The ball python is moderately wounded.
The ball python bites you. The ball python grabs you.
The ball python constricts you.
Unknown command.
You freeze the ball python.
You kill the ball python!
A rat comes into view.
You can't see any susceptible monsters within range! (Use Z to cast anyway.) Unknown command.
A goblin comes into view. It is wielding a +0 club.
The endoplasm freezes you.
You are frozen.
You freeze the endoplasm.
The endoplasm is heavily wounded.
The endoplasm freezes you.
You are frozen.
You freeze the endoplasm.
The endoplasm is severely wounded.
The endoplasm freezes you.
You are frozen.
You are too injured to fight recklessly!
Unknown command.
You are too injured to fight recklessly!
Unknown command.
Casting: Freeze (safe; 4% risk of failure)
Confirm with . or Enter, or press ? or * to list all spells.
Aiming: Freeze (safe; 4% risk of failure)
Press: ? - help, Shift-Dir - straight line, f/p - endoplasm
Aim: an endoplasm (heavily wounded)
You freeze the endoplasm.
The endoplasm is almost dead.
The endoplasm freezes you.
You are frozen.
* * * LOW HITPOINT WARNING * * *
Magic courses through your body. The endoplasm freezes you.
You are frozen.
You die...

.#######.# #.#
.#.....#.# #.#
.#.#.#.#.# #.#
...#.#...# ##.#
####)##### #..#
#.# ##.## #.#
#..# ... #.##
### #@# #J#
##g#######
#.........
.$.....#r......
.##...# .......
#.## ......:
..r ####.## ###
.#


You could see an endoplasm, a goblin and a rat.

Vanquished Creatures
  2 giant cockroaches (D:1)
  A hobgoblin (D:1)
  3 ball pythons (D:1)
  A frilled lizard (D:1)
  2 goblins (D:1)
9 creatures vanquished.

Notes
Turn   | Place    | Note
-------+----------+-------------------------------------------
     0 | D:1      | Zonian the Demonspawn Ice Elementalist began the quest for
                  | the Orb.
     0 | D:1      | Reached XP level 1. HP: 13/13 MP: 3/3
   304 | D:1      | Gained mutation: You are partially covered in large bone
                  | plates. (SH +4) [demonic ancestry]
   304 | D:1      | Reached XP level 2. HP: 10/19 MP: 0/5
   694 | D:1      | Frozen to death by an endoplasm

Illustrated notes

Levels and vault maps discovered:
D:1:      dpeg_arrival_ternary, layout_rooms, skrybe_limestone_x,
          kennysheep_nondescript, minmay_misc_feat_ornament, minivault_5

Skill      XL: |  1 |
---------------+----+-----
Stealth        | 2 |  2.0
Dodging        | 2 |  2.0
Spellcasting   | |  2.1
Ice Magic      | |  3.7

Action                   || total
-------------------------++-------
Melee: Dagger            ||     5
       Unarmed           ||     2
 Cast: Freeze            ||    14
  Use: Potion            ||     1
Armor: Robe              ||     1
Dodge: Dodged            ||     8

Table legend: (Time is in decaauts)
 A = Elapsed time spent in this place.
 B = Non-inter-level travel time spent in this place.
 C = Inter-level travel time spent in this place.
 D = Time resting spent in this place.
 E = Time spent auto-exploring this place.
 F = Levels seen in this place.
 G = Mean time per level.
                   A        B        C        D        E       F      G
               +--------+--------+--------+--------+--------+-----+--------+
         Total |    693 |    693 |      0 |    343 |    283 |   1 |  693.0 |
       Dungeon |    693 |    693 |      0 |    343 |    283 |   1 |  693.0 |
               +--------+--------+--------+--------+--------+-----+--------+

Top non-repeatable levels by time:
     D:1: 693 daAuts
